 Dungeon Crawl Stone Soup version 0.25-a0-510-ge065f6de7d (webtiles) character file.

Game seed: 464235311572186408, levelgen mode: deterministic

1 Eurus the Conjurer (level 1, -6/13 HPs)
             Began as a Mummy Conjurer on Feb 15, 2020.
             Mangled by a gnoll (7 damage)
             ... on level 2 of the Dungeon.
             The game lasted 00:00:14 (14 turns).

Eurus the Conjurer (Mummy Conjurer)                   Turns: 14, Time: 00:00:15

Health: -6/13      AC:  2    Str: 11    XL:     1   Next: 16%
Magic:  1/4        EV: 12    Int: 14    God:
Gold:   0          SH:  0    Dex: 12    Spells: 4/5 levels left

rFire    x . .     SeeInvis .   (no weapon)
rCold    + . .     Gourm    .   (no shield)
rNeg     + + +     Faith    .   a - +0 robe
rPois    ∞         Spirit   .   (no helmet)
rElec    .         Reflect  .   (no cloak)
rCorr    .         Harm     .   (no gloves)
MR       .....                  (no boots)
Stlth    ++........             (no amulet)
HPRegen  0.04/turn              (no ring)
MPRegen  0.09/turn              (no ring)

@: no status effects
A: no food or potions, fire vulnerability, cold resistance 1, negative energy
resistance 3, torment resistance, unbreathing
a: no special abilities


You were on level 2 of the Dungeon.
You were not hungry.

You visited 1 branch of the dungeon, and saw 2 of its levels.

Inventory:

Armour
 a - a +0 robe (worn)


   Skills:
 + Level 0.0 Fighting
 + Level 0.0 Armour
 - Level 1.5 Dodging
 - Level 1.5 Stealth
 + Level 2.7 Spellcasting
 * Level 3.3 Conjurations


You had 4 spell levels left.
You knew the following spells:

 Your Spells              Type           Power        Failure   Level  Hunger
a - Magic Dart            Conj           ##..         6%          1    N/A

Your spell library contained the following spells:

 Spells                   Type           Power        Failure   Level  Hunger
 Searing Ray              Conj           ##....       9%          2    N/A
 Dazzling Flash           Conj/Hex       #.....       34%         3    N/A
 Fulminant Prism          Conj/Hex       #.........   75%         4    N/A
 Iskenderun's Mystic Bla  Conj/Tloc      #.......     75%         4    N/A

Dungeon Overview and Level Annotations

Branches:
Dungeon (1/15)

Altars:


Innate Abilities, Weirdness & Mutations

You do not eat or drink.
Your flesh is vulnerable to fire.
You are immune to poison.
Your flesh is cold resistant. (rC+)
You are immune to negative energy. (rN+++)
You are immune to unholy pain and torment.
You can survive without breathing.


Message History

An adder comes into view.
The bat barely misses you. The bat barely misses you.
The bat closely misses you. The adder bites you.
A worm comes into view.
The adder hisses angrily.
You hit the gnoll but do no damage. The bat misses you.
A bat comes into view.
The gnoll misses you. The adder bites you.
The bat moves out of view.
You hit the gnoll but do no damage. The bat closely misses you.
The gnoll closely misses you. The adder bites you.
* * * LOW HITPOINT WARNING * * *
You closely miss the gnoll. The bat hits you but does no damage.
The adder barely misses you. The gnoll hits you.
* * * LOW HITPOINT WARNING * * *
The adder closely misses you. x2
You hit the gnoll.
The gnoll is lightly wounded.
The gnoll hits you!
Ouch! That really hurt!
You die...

#......#
#...>..#
#......#
#......####
.
.........#
.. .......#
...
#...S##....
#..@g.b..#
#..Sb....#
#......##.#
###....#
...##.#
....# #..
.....# ..#
..(.#.. ##
..... ...


You could see a gnoll, 2 adders and 2 bats.

Vanquished Creatures
  A goblin (D:2)
1 creature vanquished.

Notes
Turn   | Place    | Note
-------+----------+-------------------------------------------
     0 | D:1      | Eurus the Mummy Conjurer began the quest for the Orb.
     0 | D:1      | Reached XP level 1. HP: 13/13 MP: 4/4
     3 | D:1      | You fall into a shaft and drop 1 floor!
    14 | D:2      | Mangled by a gnoll

Levels and vault maps discovered:
D:1:      dpeg_arrival_three_smaller_balls, layout_basic, minmay_hexomino_r4
D:2:      layout_basic, lemuel_round_altar, minmay_vboxes, uniq_terence,
          uniq_robin

Action                   || total
-------------------------++-------
Melee: Unarmed           ||     4
 Cast: Magic Dart        ||     3
Armor: Robe              ||     2
Dodge: Dodged            ||    12

Table legend:
 A = Non-vault XP
 B = Vault XP
 C = Vault XP percentage of total XP
 D = Non-vault monster count
 E = Vault monster count
 F = Vault count percentage of total count
                 A         B        C        D         E       F
            +---------+---------+-------+---------+---------+-------
      Total |       2 |       0 |   0.0 |       1 |       0 |   0.0
            +---------+---------+-------+---------+---------+-------
        D:2 |       2 |       0 |   0.0 |       1 |       0 |   0.0
            +---------+---------+-------+---------+---------+-------
